 Dungeon Crawl Stone Soup version 0.21-a0-536-gdbbf329 (webtiles) character file.

3257 slep the Cleaver (level 9, -5/78 HPs)
             Began as a Minotaur Gladiator on Dec 15, 2017.
             Was a Follower of Okawaru.
             Slain by a two-headed ogre
             ... wielding a +0 giant club
              (34 damage)
             ... on level 7 of the Dungeon.
             The game lasted 00:23:42 (6751 turns).

slep the Cleaver (Minotaur Gladiator)               Turns: 6751, Time: 00:23:42

Health: -5/78      AC:  8    Str: 19    XL:     9   Next: 67%
Magic:  8/8        EV: 14    Int:  5    God:    Okawaru [*.....]
Gold:   456        SH:  0    Dex: 12    Spells: 7/8 levels left

rFire    + . .     SeeInvis .   K - +0 war axe (chop)
rCold    . . .     Gourm    .   (no shield)
rNeg     . . .     Faith    +   U - +2 robe {rF+}
rPois    .         Spirit   .   m - +1 hat
rElec    .         Reflect  .   T - +0 cloak
rCorr    .         Harm     .   J - +0 pair of gloves
MR       .....                  (no boots)
Stlth    ..........             L - amulet of faith
HPRegen  0.23/turn              h - -3 ring of dexterity (curse)
MPRegen  0.11/turn              G - ring of loudness (curse)

@: no status effects
A: retaliatory headbutt, horns 2
a: Heroism, Renounce Religion


You were on level 7 of the Dungeon.
You worshipped Okawaru.
Okawaru was aware of your devotion.
You were near starving.

You visited 2 branches of the dungeon, and saw 9 of its levels.

You collected 456 gold pieces.

Inventory:

Hand Weapons
 a - a +0 war axe
 K - a +0 war axe of chopping (weapon)
Missiles
 d - 2 throwing nets (quivered)
 E - 2 tomahawks of returning
Armour
 b - a +0 leather armour
 c - a +0 hat
 j - a +0 scale mail
 m - a +1 hat (worn)
 J - a +0 pair of gloves (worn)
 T - a +0 cloak (worn)
 U - a +2 robe of fire resistance (worn)
 W - a +0 leather armour of cold resistance
Jewellery
 h - a cursed -3 ring of dexterity (left hand)
 u - an uncursed ring of flight
 G - a cursed ring of loudness (right hand)
 L - an amulet of faith (around neck)
 O - an uncursed amulet of guardian spirit
 X - a +3 ring of intelligence {unknown}
Wands
 x - a wand of paralysis (22)
 z - a wand of digging (22)
 P - a wand of flame (37)
 R - a wand of polymorph (15)
Scrolls
 g - 2 scrolls of noise {unknown}
 l - 5 scrolls of identify {unknown}
 n - 4 scrolls of remove curse {unknown}
 o - a scroll of blinking {unknown}
 p - 6 scrolls of teleportation {unknown}
 q - a scroll of magic mapping {unknown}
 w - 4 scrolls of random uselessness {unknown}
 C - 2 scrolls of amnesia {unknown}
 I - a scroll of fog {unknown}
 M - 2 scrolls of enchant armour {unknown}
Potions
 e - 3 potions of heal wounds {unknown}
 i - 5 potions of mutation {unknown}
 r - 2 potions of ambrosia {unknown}
 s - a potion of brilliance {unknown}
 v - a potion of lignification {unknown}
 A - 2 potions of degeneration {unknown}
 B - a potion of curing {unknown}
 F - 2 potions of agility {unknown}
 H - a potion of might {unknown}
 V - a potion of haste {unknown}
Books
 t - a book of Maledictions

   Spells                             Type                      Level
   a - Corona                         Hexes                        1
   b - Ensorcelled Hibernation        Hexes/Ice                    2
   c - Confuse                        Hexes                        3
   d - Tukima's Dance                 Hexes                        3
   e - Dazzling Spray                 Conjuration/Hexes            3
 y - a book of Cantrips

   Spells                             Type                      Level
   a - Confusing Touch                Hexes                        1
   b - Animate Skeleton               Necromancy                   1
   c - Summon Small Mammal            Summoning                    1
   d - Apportation                    Translocation                1
 Q - a book of Flames

   Spells                             Type                      Level
   a - Flame Tongue                   Conjuration/Fire             1
   b - Throw Flame                    Conjuration/Fire             2
   c - Conjure Flame                  Conjuration/Fire             3
   d - Inner Flame                    Hexes/Fire                   3
   e - Sticky Flame                   Conjuration/Fire             4
   f - Fireball                       Conjuration/Fire             5
Comestibles
 f - 6 bread rations
 k - 7 meat rations
 D - a royal jelly
 N - a fruit


   Skills:
 + Level 6.7 Fighting
 + Level 11.6 Axes
 + Level 2.6 Throwing
 + Level 8.4 Armour
 + Level 5.6 Dodging
 + Level 0.2 Stealth


You had 7 spell levels left.
You knew the following spells:

 Your Spells              Type           Power        Failure   Level  Hunger
a - Apportation           Tloc           #.....       47%         1    ##.....


Dungeon Overview and Level Annotations

Branches:
Dungeon (8/15)             Temple (1/1) D:7            Lair (0/6) D:8

Altars:
Ashenzari
Cheibriados
Dithmenos
Elyvilon
Fedhas
Gozag
Hepliaklqana
Kikubaaqudgha
Makhleb
Nemelex Xobeh
Okawaru
Qazlal
Sif Muna
Trog
Uskayaw
Vehumet
Wu Jian
Xom
Yredelemnul
Zin
The Shining One


Innate Abilities, Weirdness & Mutations

You reflexively headbutt those who attack you in melee.
You have a pair of horns on your head.


Message History

The two-headed ogre barely misses you.
There is a stone staircase leading up, spattered with blood here.
The ogre hits you with a giant spiked club!
The two-headed ogre misses you.
The two-headed ogre hits you with a giant club!!
* * * LOW HITPOINT WARNING * * *
You climb upwards.
There is a stone staircase leading down here.
You see here 20 stones.
Things that are here:
a flail; a robe
Items here: ))) [ a hunting sling; a hand axe; a scale mail; a dagger Evoke which item? (* to show all) (? for menu, Esc to quit)
Aiming: Paralyse
Press: ? - help, Shift-Dir - straight line, f - two-headed ogre
Aim: a two-headed ogre, wielding two giant clubs (chance to defeat MR: 28%)
The two-headed ogre easily resists.
The two-headed ogre hits you with a giant club!!
You die...

##### ##...## ##.....## #######
#.......# #...... #.....(.#
#...#.. #.......# #......
##....<## #......
##.....##########......
#.....@.##..........#..
######.....O.##.............
##....#.......##........#####
#####..##.##.....O...............
....O.###O###...##...............
..#######..#######...........(...
.)..........##.O...#......#######
.............).....#......#
)...######..######...#.####


You could see a two-headed ogre and an ogre.

Vanquished Creatures
  A two-headed ogre (D:7)
  Pikel (D:7)
  A hungry ghost (D:6)
  Menkaure (D:5)
  Duvessa (D:7)
  4 ice beasts
  2 phantoms (D:6)
  4 slaves (D:7)
  A centaur (D:7)
  Dowan (D:7)
  3 wights (D:7)
  4 howler monkeys
  A crimson imp (D:5)
  3 hounds
  A jelly (D:6)
  7 orc wizards
  Crazy Yiuf (D:5)
  3 orc priests
  A bullfrog skeleton (D:5)
  A centaur skeleton (D:5)
  3 iguanas
  Ijyb (D:5)
  3 worker ants
  8 adders
  A shadow imp (D:5)
  2 oozes
  An adder zombie (D:6)
  An adder skeleton (D:5)
  3 worms
  4 leopard geckos
  20 orcs
  3 giant cockroaches
  3 hobgoblins
  A jackal (D:4)
  2 kobolds
  6 quokkas
  2 ball pythons
  5 bats
  3 frilled lizards
  2 goblins (D:1)
  A quokka skeleton (D:6)
  21 rats
138 creatures vanquished.

Notes
Turn   | Place    | Note
-------+----------+-------------------------------------------
     0 | D:1      | slep the Minotaur Gladiator began the quest for the Orb.
     0 | D:1      | Reached XP level 1. HP: 18/18 MP: 0/0
   247 | D:1      | Reached skill level 4 in Axes
   292 | D:1      | Reached XP level 2. HP: 24/25 MP: 1/1
   753 | D:2      | Found a glowing golden altar of the Shining One.
   762 | D:2      | Reached skill level 1 in Armour
   762 | D:2      | Reached XP level 3. HP: 25/30 MP: 2/2
  1203 | D:3      | Reached skill level 5 in Axes
  1203 | D:3      | Reached XP level 4. HP: 36/37 MP: 3/3
  1767 | D:2      | Learned a level 1 spell: Apportation
  1895 | D:2      | Found an ornate altar of the Wu Jian Council.
  2144 | D:5      | Entered Level 5 of the Dungeon
  2203 | D:5      | Noticed Ijyb
  2207 | D:5      | Killed Ijyb
  2207 | D:5      | Reached XP level 5. HP: 33/45 MP: 4/4
  2247 | D:5      | Noticed Menkaure
  2340 | D:3      | Found a bloodstained altar of Trog.
  2340 | D:3      | Found a basalt altar of Yredelemnul.
  2343 | D:3      | Found an ancient bone altar of Kikubaaqudgha.
  2552 | D:4      | Reached skill level 6 in Axes
  2821 | D:4      | Reached XP level 6. HP: 48/51 MP: 5/5
  3515 | D:5      | Killed Menkaure
  3515 | D:5      | Reached skill level 7 in Axes
  3515 | D:5      | Reached XP level 7. HP: 56/59 MP: 6/6
  3818 | D:5      | Found a runed door.
  4506 | D:6      | Reached skill level 5 in Armour
  4548 | D:7      | Paralysed by fainting for 5 turns
  4553 | D:7      | Paralysed by fainting for 10 turns
  4746 | D:6      | Reached skill level 8 in Axes
  4746 | D:6      | Reached XP level 8. HP: 59/67 MP: 7/7
  4863 | D:6      | Reached skill level 5 in Fighting
  5017 | D:6      | Reached skill level 9 in Axes
  5017 | D:6      | Reached skill level 5 in Dodging
  5344 | D:5      | Noticed Crazy Yiuf
  5350 | D:5      | Killed Crazy Yiuf
  5464 | D:7      | Noticed Pikel
  5493 | D:7      | Killed Pikel
  5493 | D:7      | Reached skill level 10 in Axes
  5493 | D:7      | Reached XP level 9. HP: 32/75 MP: 3/8
  5912 | D:7      | Found a staircase to the Ecumenical Temple.
  5921 | Temple   | Entered the Ecumenical Temple
  5970 | Temple   | Became a worshipper of Warmaster Okawaru
  6105 | D:7      | Noticed Dowan
  6107 | D:7      | Noticed Duvessa
  6114 | D:7      | Killed Dowan
  6116 | D:7      | Killed Duvessa
  6416 | D:8      | Found a staircase to the Lair.
  6416 | D:8      | Noticed a two-headed ogre
  6419 | D:8      | Noticed a two-headed ogre
  6429 | D:7      | Killed a two-headed ogre
  6429 | D:7      | Reached * piety under Okawaru
  6429 | D:7      | Reached skill level 11 in Axes
  6751 | D:7      | Slain by a two-headed ogre

Vault maps used:
D:1:      dpeg_arrival_leaves_temple_mockup, serial_bayou_crossing
D:2:      lemuel_round_altar, nicolae_overflow_crystal_walls,
          minmay_pentomino_s4
D:3:      nicolae_overflow_hidden_temple, minmay_rat_hole
D:4:      kennysheep_six_static_rooms
D:5:      first_bread, uniq_crazy_yiuf_cottage, uniq_menkaure, uniq_ijyb
D:7:      temple_hall, uniq_pikel, uniq_duvessa
D:8:      kennysheep_little_box, minmay_lair_entry_lava
Temple:   eino_temple_rhombus

Skill      XL: |  1  2  3  4  5  6  7  8  9 |
---------------+----------------------------+-----
Axes           | 4 5 6 7 8 10 11 | 11.6
Armour         | 1 2 3 5 7 8 |  8.4
Dodging        | 4 5 |  5.6
Fighting       | 3 4 6 |  6.7
Throwing       | |  2.6
Stealth        | |  0.2

Action                   |  1- 3 |  4- 6 |  7- 9 || total
-------------------------+-------+-------+-------++-------
Melee: War axe           |    57 |   120 |   232 ||   409
       Headbutt          |     9 |    14 |    38 ||    61
Throw: Throwing net      |       |       |     2 ||     2
       Tomahawk          |       |       |     9 ||     9
Evoke: Wand              |       |       |     1 ||     1
  Eat: Chunk             |     1 |     7 |    11 ||    19
Armor: Scale mail        |    34 |    45 |   105 ||   184
       Robe              |       |       |     1 ||     1
Dodge: Dodged            |    47 |    73 |   117 ||   237

Table legend:
 A = Spawn XP
 B = Non-spawn XP
 C = Spawn XP percentage of total XP
 D = Spawn monster count
 E = Non-spawn monster count
 F = Spawn count percentage of total count
 G = Total turns spent on level
                    A         B        C        D         E        F      G
               +---------+---------+-------+---------+---------+-------+---------
         Total |       0 |    4653 |   0.0 |       0 |     134 |   0.0 |  6751
               +---------+---------+-------+---------+---------+-------+---------
           D:1 |       0 |      29 |   0.0 |       0 |      16 |   0.0 |   697
           D:2 |       0 |      57 |   0.0 |       0 |      12 |   0.0 |   974
           D:3 |       0 |      51 |   0.0 |       0 |      24 |   0.0 |   607
           D:4 |       0 |     312 |   0.0 |       0 |      19 |   0.0 |  1148
           D:5 |       0 |     662 |   0.0 |       0 |      18 |   0.0 |  1321
           D:6 |       0 |    1054 |   0.0 |       0 |      24 |   0.0 |   866
           D:7 |       0 |    2488 |   0.0 |       0 |      21 |   0.0 |   997
               +---------+---------+-------+---------+---------+-------+---------
